Map: Eternal Empire LE

Players

MCanning - Winner!

  • Race: Protoss Protoss
  • Spawn Location: 1:00

VOD

Have the link to the VOD?

Description

Time

  • Played on: Sept. 3, 2020, 2:59 p.m.
  • Length: 8:05
Show
View Real Time Build Order
Export as new Build Order

MCanning Protoss - Winner!

Build Orders: 1 Gate Expand 

Get SALT Encoding   

  12  0:01  Probe  
  12  0:13  Probe  
  12  0:21  Pylon  
  12  0:26  Probe  
  12  0:39  Probe (Chrono Boost), Gateway  
  12  0:49  Assimilator, Probe (Chrono Boost)  
  12  0:54  Probe (Chrono Boost)  
  12  1:05  Probe  
  12  1:17  Probe  
  12  1:18  Unknown  
  12  1:19  Unknown x2  
  12  1:25  Nexus  
  12  1:34  Cybernetics Core  
  12  1:37  Probe  
  12  1:46  Pylon  
  12  1:50  Probe  
  12  1:57  Assimilator  
  12  2:02  Probe  
  12  2:08  Adept (Chrono Boost)  
  12  2:14  Probe  
  12  2:26  Probe, Stargate  
  12  2:34  Adept  
  12  2:37  Probe (Chrono Boost)  
  12  2:40  Warp Gate, Probe (Chrono Boost)  
  12  2:49  Probe (Chrono Boost)  
  12  2:55  Probe (Chrono Boost)  
  12  2:57  Probe (Chrono Boost)  
  12  3:02  Void Ray (Chrono Boost), Probe  
  12  3:03  Probe  
  12  3:11  Probe  
  12  3:14  Probe  
  12  3:16  Adept  
  12  3:19  Probe  
  12  3:20  Pylon  
  12  3:26  Probe  
  12  3:27  Gateway  
  12  3:38  Assimilator, Probe x2  
  12  3:39  Assimilator  
  12  3:48  Pylon  
  12  3:50  Probe  
  12  3:51  Probe  
  12  3:58  Fleet Beacon  
  12  4:02  Probe (Chrono Boost)  
  12  4:08  Probe (Chrono Boost)  
  12  4:12  Probe (Chrono Boost)  
  12  4:16  Probe (Chrono Boost)  
  12  4:17  Probe (Chrono Boost)  
  12  4:22  Nexus  
  12  4:27  Probe, Pylon  
  12  4:29  Probe  
  12  4:34  Adept  
  12  4:39  Probe  
  12  4:40  Mothership (Chrono Boost)  
  12  4:54  Robotics Facility  
  12  4:57  Probe (Chrono Boost)  
  12  5:02  Forge  
  12  5:03  Twilight Council  
  12  5:04  Probe (Chrono Boost)  
  12  5:09  Pylon  
  12  5:14  Pylon  
  12  5:26  Protoss Ground Weapons Level 1  
  12  5:29  Sentry x2, Probe (Chrono Boost)  
  12  5:30  Pylon  
  12  5:32  Pylon  
  12  5:35  Blink  
  12  5:38  Immortal (Chrono Boost)  
  12  5:39  Probe  
  12  5:40  Probe  
  12  5:51  Probe  
  12  5:53  Probe  
  12  5:55  Gateway  
  12  5:56  Gateway  
  12  6:00  Sentry  
  12  6:03  Probe  
  12  6:05  Probe  
  12  6:08  Immortal (Chrono Boost)  
  12  6:14  Gateway  
  12  6:15  Probe  
  12  6:16  Gateway  
  12  6:18  Gateway  
  12  6:20  Probe  
  12  6:27  Sentry  
  12  6:29  Probe  
  12  6:31  Assimilator  
  12  6:34  Immortal (Chrono Boost), Assimilator  
  12  6:39  Gateway  
  12  6:40  Gateway  
  12  6:43  Pylon  
  12  6:44  Sentry  
  12  6:53  Stalker x2  
  12  6:55  Probe  
  12  6:58  Pylon  
  12  7:01  Warp Prism (Chrono Boost)  
  12  7:06  Pylon x2  
  12  7:10  Stalker x3  
  12  7:15  Stalker  
  12  7:16  Stalker  
  12  7:26  Stalker x2  
  12  7:31  Pylon  
  12  7:32  Observer (Chrono Boost)  
  12  7:36  Stalker x3  
  12  7:37  Stalker  
  12  7:53  Stalker x4  
  12  7:54  Stalker  
  12  8:00  Stalker x2  
Tags
 
Add a new tag
Caveats
  • Supply blocks, unpowered buildings, or Contaminate may cause inaccurate times.
  • Supply counts are checked every 10 seconds.